[Event "40th Cappelle Open 2024"]
[Site "Cappelle-la-Grande"]
[Date "2024.03.04"]
[Round "4.4"]
[White "Nanjo, Ryosuke"]
[Black "Barp, Alberto"]
[Result "0-1"]
[ECO "C78"]
[WhiteElo "2346"]
[BlackElo "2449"]
[Annotator "TA"]
[PlyCount "107"]
[EventDate "2024.03.02"]
[EventType "swiss"]
[EventCountry "FRA"]
[SourceTitle "playchess.com"]
[Source "ChessBase"]
[SourceQuality "1"]
[TimeControl "40/5400+30:1800+30"]

1. e4 e5 2. Nf3 Nc6 3. Bb5 a6 4. Ba4 Nf6 5. O-O b5 6. Bb3 Bc5 7. a4 Rb8 8. c3 d6 9. d4 Bb6 10. a5 Ba7 11. h3 Bb7 12. Be3 {[%emt 0:00:12] Threatening d5. The position is equal.} Nxe4 13. d5 Bxe3 14. dxc6 {[%emt 0:00:10] Strongly threatening Qd5.} Nxf2 15. Qe2 Nxh3+ 16. Kh1 Nf2+ 17. Rxf2 Bxf2 18. Qxf2 Bxc6 {[%emt 0:04:49] [#]} 19. Nxe5 $1 Bxg2+ 20. Kg1 $1 O-O 21. Nxf7 Qe7 22. Kxg2 ({Don't go for} 22. Ng5+ $2 d5 23. Qxg2 Qe1+ 24. Kh2 Rf2 $19) 22... Rxf7 23. Qxf7+ Qxf7 24. Bxf7+ Kxf7 $11 {[%emt 0:00:03][%mdl 4096] Endgame. KRN-KR} 25. Na3 b4 26. Nc2 bxc3 27. bxc3 Rb2 28. Rf1+ Ke8 29. Rf2 Ra2 30. Nd4 Rxa5 31. Ne6 Kd7 32. Nf8+ Ke7 {[%emt 0:06:23] aiming for ...Rh5.} 33. Nxh7 Rh5 34. Re2+ Re5 (34... Kf7 $5 35. Rf2+ $8 Ke7 36. Re2+ Re5 $11) 35. Kf3 (35. Ra2 $11) 35... Rxe2 $19 36. Kxe2 {[%emt 0:00:02] KN-KP} Ke6 37. Ng5+ Kf5 38. Nf3 c5 $2 (38... g5 $19 39. Nd4+ Kg4) 39. Nd2 $11 Kf4 {[%emt 0:02:33] Hoping for ...a5.} 40. Nc4 d5 41. Nb6 Ke5 42. Kd3 c4+ 43. Ke3 a5 {[%emt 0:00:00] And now ...g5 would win.} 44. Na4 $2 (44. Nc8 $11) 44... g5 $19 {[%emt 0:00:00] ...Kd6 would now be deadly.} 45. Nb2 g4 $2 (45... Kd6 46. Nd1 a4) 46. Na4 $2 {[%emt 0:00:25] [#]} (46. Kf2 $19 Kf4 47. Na4) 46... Kd6 $1 {[%emt 0:00:00] Black mates.} 47. Nb2 Kc5 48. Nd1 g3 49. Kf3 a4 50. Kxg3 d4 51. cxd4+ Kxd4 52. Kf3 a3 53. Ke2 a2 54. Ne3 {[%emt 0:00:11] Weighted Error Value: White=0.53/Black=0.20 (precise) .  Loses game:     	White=2     	---        Inaccurate:     	White=1     	Black=1      OK:         	White=13    	Black=16     Best:        	White=6     	Black=8      Strong:       	White=1     	---        Brilliant:      	White=1     	---} 0-1

[Event "40th Cappelle Open 2024"]
[Site "Cappelle-la-Grande"]
[Date "2024.03.04"]
[Round "4.5"]
[White "Gopal G.N."]
[Black "Riff, Jean-Noel"]
[Result "1-0"]
[ECO "C70"]
[WhiteElo "2575"]
[BlackElo "2401"]
[Annotator "TA"]
[PlyCount "75"]
[EventDate "2024.03.02"]
[EventType "swiss"]
[EventCountry "FRA"]
[SourceTitle "playchess.com"]
[Source "ChessBase"]
[SourceQuality "1"]
[TimeControl "40/5400+30:1800+30"]

1. e4 e5 2. Nf3 Nc6 3. Bb5 a6 4. Ba4 Nge7 5. c3 f6 6. d4 d5 7. dxe5 (7. exd5 {simplifies} Qxd5 8. dxe5 Qxd1+ 9. Bxd1 fxe5 10. O-O) 7... dxe4 8. Nd4 {[%emt 0:03:15] White is slightly better.} b5 $1 {[%emt 0:00:36] [#] White must now prevent ...Nxd4.} 9. exf6 Nxd4 10. fxe7 (10. Bb3 $5 gxf6 11. cxd4 $14 (11. Qxd4 Qxd4 12. cxd4 Bb7 $11)) 10... Bxe7 11. cxd4 bxa4 12. Qxa4+ Bd7 13. Qc4 (13. Qb3 {simplifies} Rb8 14. Qe3 O-O 15. Nc3) 13... Bb5 {[%emt 0:11:20] This pair of bishops is nice.} 14. Qe6 {[%emt 0:00:32] With the idea Bg5.} Qxd4 (14... Qd6 $11 15. Qxd6 cxd6) 15. Bg5 $14 Qc5 (15... Qxb2 16. Qxe7#) 16. Qxe7+ Qxe7 17. Bxe7 Kxe7 18. Nc3 Rhd8 19. Nxe4 Bc6 20. Nd2 Rd6 21. f3 Kf7 {[%emt 0:02:52] Black is on the road to losing.} 22. O-O-O Rg6 23. g3 (23. Nc4 $16 {And now Ne5+ would win.} Re8 24. Rhe1) 23... h5 24. Rhe1 h4 25. Nc4 $16 {[%emt 0:00:25] [#] aiming for Ne5+.} (25. gxh4 Rh8 $16) 25... Kg8 26. Ne5 (26. gxh4 Bxf3 27. Ne5 Bxd1 28. Nxg6 Bg4 29. Ne7+ Kh7 $11) 26... Rh6 27. f4 hxg3 28. hxg3 Rb8 29. Re2 Bb5 30. Rc2 Rc8 31. b3 c5 32. Rd5 Rh3 33. Rc3 ({Much less strong is} 33. Rcxc5 $6 Rxc5+ 34. Rxc5 Rxg3 $16) 33... c4 (33... Rh1+ $142 34. Kb2 Rg1) 34. bxc4 $18 {[%emt 0:00:22] White has a decisive advantage.} Ba4 35. Kb2 Rh2+ 36. Ka3 Bc2 37. Nf3 Rf2 38. Rd2 {[%emt 0:00:07] Weighted Error Value: White=0.07 (flawless) /Black=0.19 (very precise) .  Mistake:       	White=1     	Black=3      Inaccurate:     	---       	Black=2      OK:         	White=11    	Black=3      Best:        	White=7     	Black=6      Strong:       	---       	Black=1} 1-0

[Event "40th Cappelle Open 2024"]
[Site "Cappelle-la-Grande"]
[Date "2024.03.04"]
[Round "4.6"]
[White "Can, Emre"]
[Black "Zylka, Stanislaw"]
[Result "1/2-1/2"]
[ECO "B22"]
[WhiteElo "2551"]
[BlackElo "2401"]
[Annotator "TA"]
[PlyCount "57"]
[EventDate "2024.03.02"]
[EventType "swiss"]
[EventCountry "FRA"]
[SourceTitle "playchess.com"]
[Source "ChessBase"]
[SourceQuality "1"]
[TimeControl "40/5400+30:1800+30"]

1. e4 c5 2. Nf3 e6 3. c3 d5 4. exd5 Qxd5 5. d4 Nf6 6. Na3 Nc6 7. Be3 cxd4 {[%emt 0:01:23] [#]} 8. Nb5 $1 Qd7 {[%emt 0:04:02] Wards off Nc7+} 9. Nbxd4 a6 10. Be2 Bd6 11. O-O O-O 12. Nxc6 Qxc6 13. Bd4 Qc7 {[%emt 0:01:15] [#] Strongly threatening ...e5.} 14. Bxf6 gxf6 15. Qd4 Be7 16. Rad1 Kh8 17. Nd2 e5 18. Qc4 Qxc4 19. Nxc4 Be6 20. Nb6 Rad8 21. Bf3 Rxd1 22. Rxd1 Rd8 23. Nd5 Bxd5 (23... Bf8 $11) 24. Bxd5 $11 {[%emt 0:01:32] KRB-KRB} Kg7 25. Kf1 f5 {[%emt 0:04:53] The position is equal.} 26. Ke2 b6 27. c4 Bc5 28. Rd3 Rd6 29. Rg3+ {[%emt 0:01:45] Weighted Error Value: White=0.10 (very precise) /Black=0.10 (very precise) .  Mistake:       	---       	Black=1      Inaccurate:     	White=2     	Black=2      OK:         	White=6     	Black=9      Best:        	---       	Black=1      Strong:       	White=1     	---} 1/2-1/2

[Event "40th Cappelle Open 2024"]
[Site "Cappelle-la-Grande"]
[Date "2024.03.04"]
[Round "4.7"]
[White "Valsecchi, Alessio"]
[Black "Jablonicky, Martin"]
[Result "0-1"]
[ECO "A15"]
[WhiteElo "2490"]
[BlackElo "2393"]
[Annotator "RC"]
[PlyCount "80"]
[EventDate "2024.03.02"]
[EventType "swiss"]
[EventCountry "FRA"]
[SourceTitle "playchess.com"]
[Source "ChessBase"]
[SourceQuality "1"]
[TimeControl "40/5400+30:1800+30"]

1. c4 e6 2. Nf3 Nf6 3. e3 b6 4. b3 Bb7 5. Bb2 g6 6. Be2 Bg7 7. O-O O-O 8. d3 d6 9. Qc2 Nbd7 10. Nc3 Qe7 11. Rad1 Ne8 12. d4 f5 13. Ne1 Nef6 14. b4 a5 15. b5 e5 16. Ba3 Rae8 17. c5 exd4 18. cxd6 cxd6 19. Rxd4 Nc5 20. Qd1 Ng4 21. Bxg4 fxg4 22. Rxd6 Rf7 23. Bxc5 bxc5 24. Ne2 Bd4 25. Rxd4 cxd4 26. Nxd4 Ref8 27. Qb3 Qe4 28. a4 Bd5 29. Qc3 h5 30. f3 gxf3 31. gxf3 Qe5 32. Qd3 Rc8 33. Rf2 Rc1 34. Qd2 Ra1 35. Rg2 Bxf3 36. Ndxf3 Rxf3 37. Qd8+ Kg7 38. Qd7+ Kh6 39. Qd2 Qxe3+ 40. Qxe3+ Rxe3 0-1

[Event "40th Cappelle Open 2024"]
[Site "Cappelle-la-Grande"]
[Date "2024.03.04"]
[Round "4.8"]
[White "Lamard, Guillaume"]
[Black "Samani, Yamac"]
[Result "1-0"]
[ECO "C02"]
[WhiteElo "2483"]
[BlackElo "2378"]
[Annotator "TA"]
[PlyCount "83"]
[EventDate "2024.03.02"]
[EventType "swiss"]
[EventCountry "FRA"]
[SourceTitle "playchess.com"]
[Source "ChessBase"]
[SourceQuality "1"]
[TimeControl "40/5400+30:1800+30"]

1. e4 e6 2. d4 d5 3. e5 c5 4. c3 Nc6 5. Nf3 Bd7 6. Be2 Nge7 7. Na3 Nf5 8. Nc2 cxd4 9. cxd4 Be7 10. O-O O-O 11. Bd3 f6 12. Bf4 {[%emt 0:01:03] The position is equal.} fxe5 13. Nxe5 Rc8 14. Rc1 Be8 15. g3 Qb6 16. Bxf5 exf5 17. Ne3 {[%emt 0:17:07][%cal Bc2e3,Be3g2,Bg2f4,Bf4e6][%mdl 32] A dynamic duo of knights.} (17. Re1 $5 Bf6 18. b3 $14) 17... Rd8 18. Nxc6 Bxc6 19. Re1 Bd6 (19... Qxb2 {seems wilder.} 20. Nxf5 Rxf5 21. Rxe7 Rdf8) 20. Ng2 Qxb2 21. Bxd6 Rxd6 22. Nf4 (22. Re2 {simplifies} Qb5 23. Nf4 g5 24. Nd3) 22... Rd7 23. Qh5 Qxd4 24. Re8 ({White must play} 24. Ne6 $11 Qg4 25. Qxg4 fxg4 26. Nxf8 Kxf8 27. Red1) 24... Rd8 $2 (24... Rdf7 $1 $17 {keeps the pressure on.} 25. Ree1 Qf6) 25. Rxd8 $16 {[%emt 0:03:03] White stays focused until the end.} Rxd8 26. Ne6 $1 $40 {[%emt 0:00:13][%mdl 128] Black is in trouble.} Qf6 27. Nxd8 Qxd8 28. Qxf5 {[%emt 0:00:23][%mdl 4096] Endgame. KQR-KQB} Qe8 {[%emt 0:01:45] Inhibits Qe6+.} 29. Qf4 {[%emt 0:02:01] White is much more active.} h6 30. Qd4 a6 31. h3 Qe2 {[%emt 0:00:20] [#]} 32. a3 Qe6 33. g4 Qe7 34. Rc3 Qe1+ {[%emt 0:00:27] [#]} 35. Kh2 $1 Qe2 36. Kg2 Qb2 {[%emt 0:00:58][%cal Ob2c3] White must now prevent ...Qxc3!} 37. Rd3 Qb1 (37... Qc1 $142 38. Re3 Qc4 39. Qxc4 dxc4+ 40. Kf1 Kf7) 38. Re3 $18 Qg6 39. Re7 Qg5 40. Re6 Kf8 $2 (40... Qd8 {was necessary.} 41. Qe5 Qf8) 41. f4 Qd8 42. f5 {[%emt 0:01:51] Weighted Error Value: White=0.13 (very precise) /Black=0.29 (precise) .  Mistake:       	White=1     	Black=3      Inaccurate:     	White=2     	Black=1      OK:         	White=15    	Black=6      Best:        	White=2     	---        Strong:       	White=2     	---} 1-0

[Event "40th Cappelle Open 2024"]
[Site "Cappelle-la-Grande"]
[Date "2024.03.04"]
[Round "4.9"]
[White "Velten, Paul"]
[Black "Bujisho, Benjamin"]
[Result "1-0"]
[ECO "B38"]
[WhiteElo "2475"]
[BlackElo "2339"]
[Annotator "ChessBase"]
[PlyCount "89"]
[EventDate "2024.03.02"]
[EventType "swiss"]
[EventCountry "FRA"]
[SourceTitle "playchess.com"]
[Source "ChessBase"]
[SourceQuality "1"]
[TimeControl "40/5400+30:1800+30"]

1. e4 c5 2. Nf3 d6 3. d4 cxd4 4. Nxd4 Nf6 5. f3 g6 6. c4 Bg7 7. Be3 O-O 8. Nc3 Nc6 9. Qd2 Nxd4 10. Bxd4 Be6 11. Be2 a5 12. b3 Nd7 13. Bxg7 Kxg7 14. h4 f6 15. f4 Qb6 16. g4 Bg8 17. g5 e5 18. f5 Qd4 19. O-O-O fxg5 20. hxg5 Qxd2+ 21. Rxd2 gxf5 22. exf5 Rxf5 23. Bg4 Rf7 24. Bxd7 Rxd7 25. Ne4 b5 26. Nxd6 Kg6 27. Rf1 Rc7 28. Rf6+ Kg7 29. Nxb5 Rf7 30. Rdf2 Rxf6 31. gxf6+ Kg6 32. Nd6 Be6 33. f7 Rf8 34. c5 h5 35. c6 h4 36. c7 h3 37. Kd2 Kg5 38. Ke3 Kg4 39. a3 Kg3 40. Ne4+ Kg4 41. b4 axb4 42. axb4 h2 43. Rxh2 Rxf7 44. Rg2+ Kh4 45. Rc2 1-0

[Event "40th Cappelle Open 2024"]
[Site "Cappelle-la-Grande"]
[Date "2024.03.04"]
[Round "4.10"]
[White "Roshka, Yevgeniy"]
[Black "Ringuet, Noe"]
[Result "1/2-1/2"]
[ECO "E60"]
[WhiteElo "2468"]
[BlackElo "2184"]
[Annotator "RC"]
[PlyCount "108"]
[EventDate "2024.03.02"]
[EventType "swiss"]
[EventCountry "FRA"]
[SourceTitle "playchess.com"]
[Source "ChessBase"]
[SourceQuality "1"]
[TimeControl "40/5400+30:1800+30"]

1. d4 d6 2. Nf3 g6 3. c4 Nf6 4. b3 Nbd7 5. Bb2 e5 6. Nc3 e4 7. Nd2 e3 8. fxe3 Bh6 9. Nf3 Bxe3 10. Qd3 Qe7 11. Nb5 Kd8 12. c5 d5 13. Bc1 Bxc1 14. Rxc1 Ne4 15. Nc3 Ndf6 16. Nd2 Re8 17. Ndxe4 Nxe4 18. Nxe4 Qxe4 19. Qxe4 Rxe4 20. Rd1 Bf5 21. Kf2 Kd7 22. e3 Rae8 23. Rd3 R4e6 24. Rc3 Be4 25. Be2 h5 26. Rhc1 h4 27. b4 c6 28. b5 Kc7 29. Ra3 cxb5 30. Bxb5 Ra8 31. Rb3 Rh8 32. Be2 Rhe8 33. a4 f5 34. a5 g5 35. a6 bxa6 36. Ra1 Rb8 37. Rxb8 Kxb8 38. Bxa6 f4 39. exf4 gxf4 40. Ra3 Rg6 41. Bf1 Kb7 42. Rb3+ Kc7 43. Rh3 Rg4 44. Ra3 Kb7 45. c6+ Kxc6 46. Rxa7 h3 47. gxh3 Rh4 48. Rg7 Bf5 49. Rf7 Bxh3 50. Rf6+ Kd7 51. Bxh3+ Rxh3 52. Kg2 Rh4 53. Kf3 Rxh2 54. Kxf4 Re2 1/2-1/2

[Event "40th Cappelle Open 2024"]
[Site "Cappelle-la-Grande"]
[Date "2024.03.04"]
[Round "4.11"]
[White "Defromont, Benjamin"]
[Black "Wirig, Anthony"]
[Result "1/2-1/2"]
[ECO "B45"]
[WhiteElo "2401"]
[BlackElo "2462"]
[Annotator "RC"]
[PlyCount "82"]
[EventDate "2024.03.02"]
[EventType "swiss"]
[EventCountry "FRA"]
[SourceTitle "playchess.com"]
[Source "ChessBase"]
[SourceQuality "1"]
[TimeControl "40/5400+30:1800+30"]

1. e4 c5 2. Nf3 e6 3. d4 cxd4 4. Nxd4 Nf6 5. Nc3 Nc6 6. Nxc6 bxc6 7. e5 Nd5 8. Ne4 Qc7 9. f4 Qb6 10. c4 Bb4+ 11. Ke2 f5 12. exf6 Nxf6 13. Be3 Qd8 14. Nd6+ Bxd6 15. Qxd6 Bb7 16. Rd1 Rc8 17. Rg1 c5 18. g4 Ne4 19. Qe5 Qe7 20. Bg2 d6 21. Qh5+ g6 22. Qh6 Rf8 23. Rd3 Nf6 24. Bxb7 Qxb7 25. Rxd6 Qxb2+ 26. Kf3 Qb7+ 27. Ke2 Qe4 28. Qg7 Qxc4+ 29. Kf3 Qe4+ 30. Ke2 Rf7 31. Qh8+ Rf8 32. Qg7 Rb8 33. Rgd1 Rb2+ 34. R1d2 Qg2+ 35. Kd3 Qe4+ 36. Ke2 Qg2+ 37. Kd3 Qf1+ 38. Kc3 Qc1+ 39. Kd3 Qf1+ 40. Kc3 Qc1+ 41. Kd3 Qf1+ 1/2-1/2

[Event "40th Cappelle Open 2024"]
[Site "Cappelle-la-Grande"]
[Date "2024.03.04"]
[Round "4.12"]
[White "Degraeve, Jean-Marc"]
[Black "Degardin, Sylvain"]
[Result "1/2-1/2"]
[ECO "B22"]
[WhiteElo "2455"]
[BlackElo "2235"]
[Annotator "TA"]
[PlyCount "98"]
[EventDate "2024.03.02"]
[EventType "swiss"]
[EventCountry "FRA"]
[SourceTitle "playchess.com"]
[Source "ChessBase"]
[SourceQuality "1"]
[TimeControl "40/5400+30:1800+30"]

1. e4 c5 2. c3 Nf6 3. e5 Nd5 4. Nf3 Nc6 5. d4 cxd4 6. cxd4 d6 7. Bc4 e6 8. O-O Be7 9. Qe2 O-O 10. Rd1 Na5 11. Bd3 Nb4 12. Nc3 Nxd3 13. Rxd3 d5 14. Ne1 f6 (14... f5 {keeps more tension.} 15. Rg3 Bd7 16. Qh5 Qe8) 15. Bf4 Nc6 16. exf6 Bxf6 {[%emt 0:03:09] The position is equal.} 17. Nf3 Bd7 18. Ne5 Nxe5 19. Bxe5 Bxe5 20. Qxe5 Qf6 21. Qe3 {[%emt 0:00:59] Active counter play!} (21. Qxf6 {simplifies} Rxf6 22. f3 Rff8 23. Rdd1) 21... Rac8 22. Rc1 Rc4 (22... Qf4 {simplifies} 23. Qxf4 Rxf4 24. f3 Rff8) 23. Rdd1 Qf4 24. b3 Qxe3 25. fxe3 Rc7 26. Ne2 Rfc8 27. Rxc7 Rxc7 28. Rc1 {[%emt 0:00:05] Wards off Rc2} Rxc1+ 29. Nxc1 $11 {[%emt 0:00:09][%mdl 4096] Endgame. KB-KN} Bb5 30. a4 Ba6 31. a5 Kf7 32. Na2 Kf6 33. Nc3 Kf5 34. Kf2 g5 35. Kg3 Bd3 36. h4 h6 37. hxg5 hxg5 38. Kf3 Be4+ 39. Kf2 Bd3 {[%emt 0:00:30] Dodges Nb5} 40. b4 Bc4 41. Kf3 Bd3 42. Na4 Bb5 43. Nc3 Bd3 44. g4+ Kf6 45. e4 Bc4 46. Ke3 Ke7 47. Nd1 Kf6 48. Nc3 Ke7 49. Nb1 Bb3 {[%emt 0:05:02] An even fight not without its subleties.   Weighted Error Value: White=0.03 (flawless) /Black=0.02 (flawless) .  OK:         	White=19    	Black=16     Best:        	---       	Black=1} 1/2-1/2

[Event "40th Cappelle Open 2024"]
[Site "Cappelle-la-Grande"]
[Date "2024.03.04"]
[Round "4.13"]
[White "Nikolov, Momchil"]
[Black "Lacan Rus, David"]
[Result "1/2-1/2"]
[ECO "B33"]
[WhiteElo "2453"]
[BlackElo "2169"]
[Annotator "TA"]
[PlyCount "31"]
[EventDate "2024.03.02"]
[EventType "swiss"]
[EventCountry "FRA"]
[SourceTitle "playchess.com"]
[Source "ChessBase"]
[SourceQuality "1"]
[TimeControl "40/5400+30:1800+30"]

1. e4 c5 2. Nf3 Nc6 3. d4 cxd4 4. Nxd4 Nf6 5. Nc3 e5 6. Ndb5 d6 7. Bg5 a6 8. Na3 b5 9. Nab1 ({White should try} 9. Bxf6 $14 gxf6 10. Nd5) 9... Be6 10. a4 Nd4 ({Black should play} 10... Qa5 $11 11. Bxf6 gxf6) 11. Bd3 $14 b4 {[%emt 0:05:14] White is slightly better.} 12. Ne2 (12. Bxf6 $14 {deserves consideration.} Qxf6 13. Nd5 Bxd5 14. exd5) 12... Nc6 $11 13. O-O Be7 14. Nd2 d5 15. Ng3 O-O 16. Re1 {[%emt 0:12:07] Weighted Error Value: White=0.19 (very precise) /Black=0.17 (very precise) .  Mistake:       	White=2     	Black=1      OK:         	White=1     	Black=4} (16. Nf3 $11) 1/2-1/2

[Event "40th Cappelle Open 2024"]
[Site "Cappelle-la-Grande"]
[Date "2024.03.04"]
[Round "4.14"]
[White "Fiedorek, Michal"]
[Black "Enchev, Ivajlo"]
[Result "1/2-1/2"]
[ECO "C45"]
[WhiteElo "2286"]
[BlackElo "2425"]
[Annotator "TA"]
[PlyCount "96"]
[EventDate "2024.03.02"]
[EventType "swiss"]
[EventCountry "FRA"]
[SourceTitle "playchess.com"]
[Source "ChessBase"]
[SourceQuality "1"]
[TimeControl "40/5400+30:1800+30"]

1. e4 e5 2. Nf3 Nc6 3. d4 exd4 4. Nxd4 Bc5 5. Nb3 Bb6 6. Nc3 d6 7. Qe2 Nf6 8. Bg5 h6 9. Bh4 Nd4 10. Qd3 Nxb3 11. cxb3 (11. axb3 $14 Be6 12. Be2) 11... Qe7 $11 12. O-O-O Be6 13. Be2 O-O-O 14. Rhe1 g5 15. Bg3 Nd7 16. Qc2 {[%emt 0:02:11][%cal Og3d6] [#] Bxd6! would now be deadly.} Kb8 17. Bc4 h5 18. f3 h4 19. Bf2 h3 20. g3 Ne5 (20... Bxf2 {is more complex.} 21. Qxf2 Ne5 22. Nb5 c5) 21. Bxb6 axb6 22. Be2 c6 23. Qd2 f5 24. Qe3 Kc7 25. f4 gxf4 26. gxf4 Ng6 27. exf5 Bxf5 28. Qxe7+ Nxe7 29. Bd3 Rde8 30. Re3 (30. Rxe7+ Rxe7 31. Bxf5 Rf7) 30... d5 {[%emt 0:06:06] [#] Strongly threatening ...d4.} 31. Rde1 {[%emt 0:03:38] Black must now prevent Bxf5.} (31. Rxe7+ $5 Rxe7 32. Bxf5 $11) 31... Bxd3 32. Rxd3 Rh7 33. Ree3 Reh8 {[%emt 0:00:55][%cal Od5d4] aiming for ...d4!} 34. Ne2 Nf5 35. Re5 Rf7 36. Ng1 Nd6 37. Rxh3 Ra8 38. a3 Ne4 39. Nf3 {[%emt 0:02:28] The position is equal.} Rxf4 40. Re7+ Kd6 41. Rxb7 Raf8 42. Nd2 Nxd2 43. Kxd2 {[%emt 0:00:00][%mdl 4096] Endgame. KRR-KRR} Rf2+ 44. Kc3 R8f3+ 45. Rxf3 Rxf3+ 46. Kc2 Rf2+ 47. Kc3 Rf3+ 48. Kc2 Ke5 {[%emt 0:09:31] Weighted Error Value: White=0.08 (flawless) /Black=0.07 (flawless) .  Mistake:       	White=1     	---        Inaccurate:     	White=3     	Black=3      OK:         	White=19    	Black=17     Best:        	White=3     	Black=1} 1/2-1/2

[Event "40th Cappelle Open 2024"]
[Site "Cappelle-la-Grande"]
[Date "2024.03.04"]
[Round "4.15"]
[White "Fedoryshyn, Ievgenii"]
[Black "Eugene, Floryan"]
[Result "1-0"]
[ECO "C45"]
[WhiteElo "2256"]
[BlackElo "2422"]
[Annotator "TA"]
[PlyCount "71"]
[EventDate "2024.03.02"]
[EventType "swiss"]
[EventCountry "FRA"]
[SourceTitle "playchess.com"]
[Source "ChessBase"]
[SourceQuality "1"]
[TimeControl "40/5400+30:1800+30"]

1. e4 e5 2. Nf3 Nc6 3. d4 exd4 4. Nxd4 Nf6 5. Nxc6 bxc6 6. e5 Qe7 7. Qe2 Nd5 8. c4 Ba6 9. b3 g6 $1 10. Ba3 Nb4 {[%emt 0:03:16] With the idea ...d5.} 11. Bb2 $1 Bg7 12. a3 {[%emt 0:00:05] The position is equal.} Nd5 13. Nd2 O-O 14. O-O-O Rfe8 15. Re1 (15. Qf3 $11 Nb6 16. Re1) 15... Rab8 ({Black should try} 15... Nb6 $15) 16. h4 Nb6 17. h5 d5 18. hxg6 hxg6 19. Qf3 {[%emt 0:00:27] [#]} Bxc4 $2 {[%emt 0:13:31][%mdl 8192] A mistake that costs the game.} 20. bxc4 $18 Na4 {[%emt 0:00:21] [#]} 21. Bd4 Red8 {[%emt 0:04:58] [#]} 22. Qe3 $1 {[%emt 0:06:21] And now c5 would win.} (22. Bxa7 Rb7 23. Bd4 dxc4 $15) 22... c5 (22... dxc4 $142 23. Nxc4 (23. Bxc4 $2 Rxd4 24. e6 f5 $19) 23... Qd7) 23. Ba1 d4 24. Qh3 Rb6 25. Bd3 Nc3 26. e6 fxe6 (26... Rxe6 {was worth a try.} 27. Rxe6 Qxe6 28. Qxe6 fxe6 29. Bxg6 (29. Bxc3 dxc3 30. Kc2 cxd2 $15) 29... Ne2+ 30. Kd1 Nc3+ 31. Kc2 (31. Bxc3 $2 dxc3 32. Rh3 Rxd2+ 33. Kc1 Re2 $19) 31... Na4 32. Bh7+ Kf7) 27. Qh7+ {[%emt 0:06:01] White is clearly winning.} Kf8 28. Rh3 {[%emt 0:00:59] Rf3+ is the strong threat.} e5 29. Rf3+ Rf6 30. Rxf6+ Qxf6 31. Qxg6 ({Weaker is} 31. Bxg6 Rd6 32. Bd3 (32. Bxc3 dxc3 33. Ne4 Qxg6 $14) (32. Bf5 Qg5 $18) 32... Bh6 $18) (31. Bxc3 $2 dxc3 32. Qh3 (32. Ne4 $2 Qb6 $19) 32... cxd2+ 33. Kxd2 Qxf2+ 34. Re2 Qd4 35. Qf3+ Ke7 $19) 31... Qb6 32. Qxb6 cxb6 33. Kc2 ({Not} 33. Bxc3 dxc3 34. Ne4 Rxd3 $16) 33... b5 34. Bxc3 dxc3 35. Ne4 b4 36. Nxc5 {[%emt 0:00:16] Weighted Error Value: White=0.21 (precise) /Black=0.61.  Loses game:     	---       	Black=1      Mistake:       	White=1     	Black=3      Inaccurate:     	White=1     	Black=1      OK:         	White=14    	Black=6      Best:        	White=2     	Black=2      Strong:       	White=2     	---} 1-0

[Event "40th Cappelle Open 2024"]
[Site "Cappelle-la-Grande"]
[Date "2024.03.04"]
[Round "4.16"]
[White "Grooten, Herman"]
[Black "Loiseau, Quentin"]
[Result "1/2-1/2"]
[ECO "D46"]
[WhiteElo "2223"]
[BlackElo "2412"]
[Annotator "TA"]
[PlyCount "89"]
[EventDate "2024.03.02"]
[EventType "swiss"]
[EventCountry "FRA"]
[SourceTitle "playchess.com"]
[Source "ChessBase"]
[SourceQuality "1"]
[TimeControl "40/5400+30:1800+30"]

1. d4 Nf6 2. c4 e6 3. Nf3 d5 4. Nc3 c6 5. e3 Nbd7 6. Qc2 Bd6 7. b3 O-O 8. Bd3 Re8 9. O-O a6 10. Bb2 e5 11. cxd5 cxd5 {[%emt 0:00:55] [#] aiming for ...e4. White is slightly better.} 12. e4 exd4 13. Nxd5 Nxd5 14. exd5 Nf6 15. Nxd4 h6 16. Rfe1 Nxd5 (16... Rxe1+ $14 {is more appropriate.} 17. Rxe1 Bb4) 17. Nf5 (17. Rxe8+ $16 Qxe8 18. Bh7+ Kh8 19. Be4) 17... Bxf5 $14 18. Bxf5 Qa5 19. Re4 Ba3 20. Bd4 Nb4 21. Qe2 Rxe4 22. Bxe4 {[%emt 0:00:30] This pair of bishops is nice.} Nc6 23. Bxc6 bxc6 24. Rd1 Rd8 {[%emt 0:01:58] The position is equal.} 25. Ba1 Rxd1+ 26. Qxd1 $11 {[%emt 0:00:05][%mdl 4096] Endgame. KQB-KQB} Qf5 27. Bd4 h5 28. f3 Qd5 29. Qa1 {[%emt 0:00:37] Prevents Bb2} f6 30. Qc3 Kf7 31. Kf2 Bd6 32. h4 Be7 33. Ke2 g6 34. Be3 Ke6 35. Qc2 f5 36. Bg5 Bc5 37. Qc4 Qxc4+ (37... a5 {is more complex.} 38. Qc3 Bd4 39. Qd3 Bc5) 38. bxc4 {[%emt 0:00:02] KB-KB} Bd6 39. Kd3 Bg3 40. Bd8 Kd7 41. Bf6 Ke6 42. Bd8 Kd7 43. Bf6 Kd6 44. Bg5 Ke6 45. Bd8 {[%emt 0:00:23] Weighted Error Value: White=0.03 (flawless) /Black=0.04 (flawless) .  Mistake:       	White=1     	Black=1      OK:         	White=12    	Black=18} 1/2-1/2

[Event "40th Cappelle Open 2024"]
[Site "Cappelle-la-Grande"]
[Date "2024.03.04"]
[Round "4.17"]
[White "Feryn, Benjamin"]
[Black "Agdelen, Huseyin Can"]
[Result "1/2-1/2"]
[ECO "C26"]
[WhiteElo "2182"]
[BlackElo "2408"]
[Annotator "ChessBase"]
[PlyCount "45"]
[EventDate "2024.03.02"]
[EventType "swiss"]
[EventCountry "FRA"]
[SourceTitle "playchess.com"]
[Source "ChessBase"]
[SourceQuality "1"]
[TimeControl "40/5400+30:1800+30"]

1. e4 e5 2. Nc3 Nf6 3. d4 exd4 4. Qxd4 Nc6 5. Qd3 d5 6. Bf4 dxe4 7. Qxd8+ Nxd8 8. Bxc7 Ne6 9. Be5 Ng4 10. Bg3 f5 11. Bb5+ Bd7 12. Bxd7+ Kxd7 13. O-O-O+ Kc6 14. Nge2 Bc5 15. Rd5 g6 16. h3 Nf6 17. Re5 Rhe8 18. Rd1 b6 19. Na4 f4 20. Nxc5 bxc5 21. Nxf4 Nd4 22. Rxe8 Rxe8 23. c3 1/2-1/2